 Dungeon Crawl Stone Soup version 0.21-a0-264-g3e31e41 (webtiles) character file.

64 Manul the Sneak (level 4, -1/23 HPs)
             Began as a Vine Stalker Assassin on Sept 9, 2017.
             Slain by an ice beast (11 damage)
             ... on level 2 of the Dungeon.
             The game lasted 00:01:28 (1320 turns).

Manul the Sneak (Vine Stalker Assassin)             Turns: 1320, Time: 00:01:28

Health: -1/23      AC:  6    Str: 13    XL:     4   Next: 12%
Magic:  0/5        EV: 10    Int: 11    God:
Gold:   40         SH:  0    Dex: 17    Spells: 3/3 levels left

rFire    . . .     SeeInvis .   a - +2 dagger
rCold    . . .     Gourm    .   (no shield)
rNeg     . . .     Faith    .   l - +0 ring mail
rPois    .         Spirit   +   (no helmet)
rElec    .         Reflect  .   d - +0 cloak
rCorr    .         Harm     .   (no gloves)
MR       .....                  (no boots)
Stlth    +++.......             (no amulet)
HPRegen  0.47/turn              (no ring)
MPRegen  0.09/turn              (no ring)

@: no status effects
A: fangs 2, regeneration 1, magic shield, antimagic bite, no potion heal 3, rot
immunity
a: no special abilities


You were on level 2 of the Dungeon.
You were not hungry.

You visited 1 branch of the dungeon, and saw 2 of its levels.

You collected 40 gold pieces.

Inventory:

Hand Weapons
 a - a +2 dagger (weapon)
 b - a +0 blowgun
Missiles
 e - 53 poisoned needles
Armour
 c - a +0 robe
 d - a +0 cloak (worn)
 l - a +0 ring mail (worn)
Wands
 k - a wand of polymorph (20/24)
Scrolls
 h - 3 scrolls of teleportation {unknown}
 j - 2 scrolls of identify {unknown}
Comestibles
 g - 3 bread rations
 i - 2 chunks of flesh


   Skills:
 + Level 2.1 Fighting
 + Level 2.0 Short Blades
 + Level 2.0 Throwing
 + Level 0.7 Dodging
 + Level 6.4 Stealth


You had 3 spell levels left.
You didn't know any spells.

Dungeon Overview and Level Annotations

Branches:
Dungeon (2/15)

Altars:


Innate Abilities, Weirdness & Mutations

You have extremely sharp teeth.
Your natural rate of healing is unusually fast.
When hurt, damage is shared between your health and your magic reserves.
Your bite disrupts and absorbs the magic of your enemies.
Potions cannot restore your health.
You are immune to rotting.


Message History

Firing (i - inventory. (,) - cycle):
f - a curare-tipped needle (quivered)
Press: ? - help, Shift-Dir - straight line, f/p - ice beast
Aim: an ice beast (moderately wounded)
You shoot a curare-tipped needle.
The curare-tipped needle hits the ice beast.
The ice beast is moderately wounded.
The ice beast hits you. The ice beast freezes you!
* * * LOW HITPOINT WARNING * * *
Found 14 sling bullets.
Wield which item (- for none, * to show all)? (? for menu, Esc to quit)
Wield which item (- for none, * to show all)? (? for menu, Esc to quit)
a - a +2 dagger (weapon)
You hit the ice beast but do no damage. Your bite misses the ice beast.
The ice beast is lightly wounded.
The ice beast hits you. The ice beast freezes you!
You hit the ice beast but do no damage. You bite the ice beast.
You drain its power.
You feel invigorated.
The ice beast is lightly wounded.
The ice beast hits you. The ice beast freezes you!
You die...

..#####.#
#...# #.#
###.# #.# .#
#.# # #.# #.#
#.#
#.###########
#........Y@.#
###########.#
#.# #.# #.#
#.# #.# #.#
#####.#


You could see an ice beast.

Vanquished Creatures
  2 adders (D:2)
  2 oozes
  A worm (D:2)
  A dart slug (D:1)
  3 leopard geckos (D:1)
  3 bats (D:1)
  4 giant cockroaches
  A goblin (D:2)
  2 hobgoblins (D:1)
  2 kobolds
  A quokka (D:2)
  2 ball pythons (D:1)
  A frilled lizard (D:1)
  5 rats
30 creatures vanquished.

Notes
Turn   | Place    | Note
-------+----------+-------------------------------------------
     0 | D:1      | Manul the Vine Stalker Assassin began the quest for the Orb.
     0 | D:1      | Reached XP level 1. HP: 11/11 MP: 2/2
    10 | D:1      | Reached skill level 5 in Stealth
    39 | D:1      | Reached XP level 2. HP: 15/15 MP: 3/3
   312 | D:1      | Reached XP level 3. HP: 17/18 MP: 4/4
   881 | D:2      | Reached skill level 6 in Stealth
  1176 | D:2      | Gained mutation: Your natural rate of healing is unusually fast. [Vine Stalker growth]
  1176 | D:2      | Reached XP level 4. HP: 23/23 MP: 5/5
  1252 | D:2      | Noticed an ice beast
  1320 | D:2      | Slain by an ice beast

Vault maps used:
D:1:      onia_arrival_handbag, minmay_liquid_box
D:2:      first_bread

Skill      XL: |  1  2  3  4 |
---------------+-------------+-----
Stealth        | 5 6 |  6.4
Throwing       | 2 |  2.0
Fighting       | 2 |  2.1
Short Blades   | 2 |  2.0
Dodging        | |  0.7

Action                   |  1- 3 |  4- 6 || total
-------------------------+-------+-------++-------
Melee: Dagger            |    45 |    15 ||    60
       Bite              |     8 |     3 ||    11
 Fire: Blowgun           |       |     2 ||     2
 Stab: Sleeping          |    14 |     2 ||    16
  Eat: Chunk             |     1 |       ||     1
Armor: Robe              |     9 |     3 ||    12
       Ring mail         |       |     4 ||     4
Dodge: Dodged            |    19 |     2 ||    21

Table legend:
 A = Spawn XP
 B = Non-spawn XP
 C = Spawn XP percentage of total XP
 D = Spawn monster count
 E = Non-spawn monster count
 F = Spawn count percentage of total count
 G = Total turns spent on level
                    A         B        C        D         E        F      G
               +---------+---------+-------+---------+---------+-------+---------
         Total |       0 |      92 |   0.0 |       0 |      30 |   0.0 |  1320
               +---------+---------+-------+---------+---------+-------+---------
           D:1 |       0 |      42 |   0.0 |       0 |      19 |   0.0 |   880
           D:2 |       0 |      50 |   0.0 |       0 |      11 |   0.0 |   440
               +---------+---------+-------+---------+---------+-------+---------
